Map: Stargazers

Players

DnS

  • Race: Protoss Protoss
  • Spawn Location: 1:00

Spirit - Winner!

  • Race: Terran Terran
  • Spawn Location: 11:00

Event: DreamHack SC2 Masters 2022 Atlanta (Offline)

VOD

Have the link to the VOD?

Description

Time

  • Played on: Nov. 18, 2022, 11:08 a.m.
  • Length: 17:01

All games in this series

Show
View Real Time Build Order
Export as new Build Order

DnS Protoss 

Build Orders: 1 Gate Expand, Phoenix Opening 

Get SALT Encoding   

  12  0:00  Probe  
  13  0:12  Probe  
  14  0:17  Pylon  
  14  0:24  Probe (Chrono Boost)  
  16  0:36  Probe (Chrono Boost), Gateway  
  16  0:43  Probe (Chrono Boost)  
  16  0:45  Assimilator  
  17  0:50  Probe  
  18  1:03  Probe  
  19  1:15  Probe  
  20  1:22  Nexus  
  20  1:32  Cybernetics Core  
  20  1:35  Probe  
  21  1:42  Assimilator  
  21  1:49  Probe  
  21  1:52  Pylon  
  22  2:01  Probe  
  22  2:07  Adept (Chrono Boost)  
  23  2:13  Probe  
  26  2:21  Stargate  
  26  2:26  Probe (Chrono Boost)  
  26  2:28  Warp Gate  
  27  2:32  Adept  
  27  2:34  Probe (Chrono Boost)  
  30  2:38  Probe (Chrono Boost)  
  30  2:43  Probe (Chrono Boost)  
  32  2:45  Probe (Chrono Boost)  
  32  2:48  Probe (Chrono Boost)  
  34  2:52  Probe  
  35  3:00  Probe  
  35  3:02  Adept  
  35  3:04  Probe, Pylon  
  39  3:08  Phoenix (Chrono Boost)  
  41  3:12  Probe  
  41  3:16  Shield Battery  
  41  3:18  Probe  
  43  3:24  Gateway  
  43  3:25  Probe  
  44  3:30  Probe  
  44  3:31  Phoenix (Chrono Boost)  
  47  3:37  Probe  
  48  3:45  Probe  
  49  3:49  Probe  
  49  3:50  Robotics Facility  
  49  3:54  Phoenix (Chrono Boost)  
  52  3:57  Probe  
  52  4:08  Probe (Chrono Boost)  
  46  4:17  Phoenix  
  46  4:20  Probe x2 (Chrono Boost)  
  49  4:25  Nexus  
  49  4:26  Probe (Chrono Boost)  
  49  4:28  Probe (Chrono Boost)  
  51  4:36  Probe  
  51  4:37  Observer  
  53  4:39  Assimilator  
  53  4:40  Probe, Pylon  
  53  4:44  Assimilator  
  54  4:50  Pylon  
  54  4:58  Robotics Bay, Probe x2  
  56  5:09  Phoenix  
  56  5:10  Probe x2  
  60  5:22  Probe  
  60  5:23  Probe  
  60  5:28  Shield Battery  
  62  5:32  Immortal (Chrono Boost)  
  62  5:33  Observer  
  62  5:34  Phoenix, Probe  
  62  5:35  Probe  
  70  5:37  Probe  
  71  5:42  Forge  
  71  5:46  Probe (Chrono Boost)  
  71  5:47  Probe (Chrono Boost)  
  73  5:55  Observer, Probe (Chrono Boost)  
  74  5:59  Probe (Chrono Boost)  
  76  6:04  Phoenix, Colossus (Chrono Boost)  
  76  6:05  Probe (Chrono Boost)  
  76  6:06  Probe (Chrono Boost)  
  76  6:10  Pylon  
  85  6:13  Pylon  
  85  6:21  Protoss Ground Weapons Level 1 (Chrono Boost)  
  85  6:26  Twilight Council, Observer  
  85  6:27  Extended Thermal Lance  
  85  6:28  Probe x3  
  85  6:31  Pylon  
  88  6:38  Shield Battery  
  88  6:39  Phoenix  
  90  6:40  Probe x3  
  90  6:41  Pylon  
  90  6:45  Pylon  
  93  6:49  Sentry  
  93  6:50  Zealot  
  93  6:52  Probe x2  
  99  6:54  Probe, Photon Cannon  
  99  6:56  Pylon  
  100  7:01  Charge  
  100  7:04  Colossus (Chrono Boost), Probe x2  
  100  7:06  Assimilator  
  100  7:07  Assimilator  
  108  7:14  Probe  
  109  7:23  Gateway  
  109  7:24  Gateway x2  
  109  7:27  Gateway  
  109  7:29  Zealot x2  
  113  7:33  Gateway  
  113  7:36  Gateway  
  113  7:38  Probe  
  113  7:41  Templar Archives  
  114  7:45  Pylon  
  114  7:47  Colossus (Chrono Boost)  
  120  7:57  Forge  
  120  7:59  Observer  
  120  8:05  Zealot x2  
  124  8:07  Pylon  
  124  8:08  Phoenix  
  126  8:19  Nexus  
  124  8:23  Protoss Ground Weapons Level 2 (Chrono Boost)  
  124  8:25  Photon Cannon  
  124  8:27  Photon Cannon  
  124  8:31  Zealot, High Templar x2  
  124  8:34  Protoss Ground Armor Level 1 (Chrono Boost)  
  130  8:35  Archon  
  130  8:39  Stalker  
  130  8:40  Stalker x2  
  136  8:42  Stalker  
  138  8:58  Warp Prism (Chrono Boost)  
  138  9:00  Probe x3, Pylon  
  143  9:03  Robotics Facility  
  143  9:04  High Templar x2  
  143  9:07  Pylon  
  143  9:08  Pylon  
  143  9:09  Archon  
  147  9:14  Zealot  
  149  9:18  Blink, Pylon  
  149  9:21  Probe x3  
  152  9:32  Disruptor (Chrono Boost)  
  155  9:40  Zealot x5, High Templar x2  
  155  9:41  Zealot  
  155  9:43  Shield Battery  
  171  9:45  Archon  
  171  9:47  Probe x2, Photon Cannon  
  176  9:55  Probe  
  176  9:57  Disruptor (Chrono Boost), Probe  
  176  9:59  Probe  
  177  10:01  Probe  
  176  10:07  Probe  
  176  10:09  Probe  
  176  10:11  Probe  
  176  10:13  Probe  
  176  10:14  Disruptor  
  180  10:19  Probe  
  184  10:25  Stalker x6  
  196  10:30  Dark Shrine  
  196  10:31  Gateway x2  
  196  10:32  Protoss Ground Armor Level 2 (Chrono Boost), Gateway  
  194  10:38  Gateway  
  194  10:44  Protoss Ground Weapons Level 3 (Chrono Boost)  
  194  10:45  Photon Cannon  
  194  10:46  Pylon  
  194  10:47  Assimilator  
  194  10:49  Assimilator  
  192  10:59  Photon Cannon  
  192  11:00  Shield Battery  
  192  11:02  Photon Cannon, Pylon  
  190  11:05  Stalker x4  
  198  11:15  Nexus  
  198  11:18  Pylon  
  190  11:29  Zealot x4  
  190  11:30  Zealot  
  196  11:33  Stalker  
  196  11:34  Stalker  
  189  11:40  Disruptor x2  
  189  11:45  Photon Cannon  
  195  11:53  Photon Cannon  
  187  11:55  Shield Battery  
  187  12:06  Zealot x4, Stalker x2  
  193  12:17  Photon Cannon x2  
  193  12:20  Shield Battery  
  193  12:21  Pylon  
  189  12:24  Photon Cannon  
  189  12:33  Protoss Ground Armor Level 3 (Chrono Boost)  
  189  12:36  Zealot x5  
  179  12:55  Zealot x7  
  165  13:10  Disruptor x2  
  171  13:16  Stalker x6  
  171  13:17  Probe  
  171  13:18  Probe  
  180  13:22  Probe x2  
  180  13:29  Probe  
  180  13:31  Shadow Stride  
  180  13:32  Dark Templar  
  183  13:38  High Templar x4  
  183  13:39  High Templar x2  
  195  13:43  Archon x2  
  195  13:44  Archon  
  195  13:46  Probe x3  
  179  13:57  Phoenix  
  171  14:06  Observer  
  160  14:21  Nexus  
  160  14:30  Stalker x5  
  170  14:38  High Templar x4  
  178  14:42  Archon x2  
  178  14:51  Stalker x3  
  87  15:17  Zealot x4  
  87  15:18  Zealot x3  
  83  15:41  Zealot x6  
  95  15:51  Probe x3  
  95  15:52  Probe  
  95  15:54  Disruptor (Chrono Boost)  
  102  16:01  Disruptor (Chrono Boost)  
  102  16:09  High Templar x3  
  102  16:10  Sentry, Probe, High Templar  
  110  16:13  Stalker  
  104  16:20  Stalker  
  88  16:29  Archon x2  
  84  16:33  Stalker x2  
  84  16:36  Stalker  
  84  16:37  Zealot  
  92  16:40  Zealot  
  92  16:44  Zealot x2  
Show
View Real Time Build Order
Export as new Build Order

Spirit Terran - Winner!

Build Orders:  

Get SALT Encoding   

  12  0:00  SCV  
  13  0:12  SCV  
  14  0:17  Supply Depot  
  14  0:24  SCV  
  15  0:38  SCV  
  15  0:39  Barracks  
  16  0:44  Refinery  
  16  0:50  SCV  
  17  1:03  SCV  
  18  1:16  SCV  
  19  1:27  Marine  
  19  1:28  Orbital Command  
  20  1:41  Command Center  
  20  1:51  Factory  
  20  1:56  SCV  
  21  2:03  Supply Depot  
  21  2:05  Barracks Reactor  
  21  2:10  SCV  
  22  2:18  Bunker  
  22  2:22  SCV  
  23  2:34  SCV  
  24  2:41  Starport  
  24  2:47  Hellion x2  
  24  2:50  Marine  
  30  2:55  Orbital Command  
  30  2:57  SCV  
  30  3:07  Marine  
  30  3:08  Hellion x2  
  30  3:12  SCV  
  36  3:17  Medivac  
  38  3:21  Refinery, SCV  
  39  3:27  Supply Depot  
  39  3:29  SCV  
  39  3:33  SCV  
  41  3:34  Marine  
  41  3:35  Marine  
  41  3:41  SCV  
  44  3:43  Barracks, Factory Tech Lab  
  44  3:46  SCV  
  45  3:53  SCV  
  45  3:54  Supply Depot  
  46  3:57  Marine x2  
  46  3:59  SCV  
  49  4:05  SCV  
  48  4:14  Marine  
  48  4:15  Cyclone, SCV, Marine  
  50  4:17  SCV  
  49  4:28  SCV  
  49  4:29  SCV  
  49  4:33  Command Center  
  49  4:34  Barracks Tech Lab  
  49  4:40  SCV  
  49  4:41  Marine x2  
  52  4:47  Cyclone, SCV  
  56  4:53  Barracks, Stimpack  
  56  4:57  SCV  
  56  4:59  Marine  
  58  5:02  SCV, Refinery x2  
  59  5:07  Marine  
  59  5:09  SCV  
  60  5:14  SCV  
  60  5:20  Viking  
  62  5:24  Supply Depot  
  62  5:26  SCV x2  
  62  5:28  Engineering Bay  
  64  5:30  Engineering Bay, Marine x2  
  66  5:38  SCV x2  
  66  5:41  Barracks  
  68  5:42  Factory Reactor  
  68  5:44  Barracks  
  68  5:49  Orbital Command  
  68  5:50  SCV  
  68  5:51  SCV  
  70  6:02  SCV, Combat Shield  
  71  6:06  Starport Reactor  
  71  6:07  Marauder, Marine  
  71  6:08  SCV, Marauder  
  77  6:12  Missile Turret  
  77  6:14  Terran Infantry Weapons Level 1  
  77  6:19  Terran Infantry Armor Level 1  
  77  6:21  Marine  
  77  6:23  SCV x2  
  80  6:28  Missile Turret  
  80  6:29  Marauder  
  80  6:30  Barracks Reactor, Orbital Command  
  80  6:31  Supply Depot, Barracks Tech Lab  
  82  6:33  Concussive Shells  
  82  6:35  SCV x2  
  82  6:38  Supply Depot  
  82  6:39  Marine  
  85  6:45  Medivac  
  85  6:46  Medivac  
  89  6:48  Widow Mine x2  
  89  6:53  SCV x2  
  95  6:56  Supply Depot  
  95  6:59  Supply Depot, SCV  
  95  7:00  Missile Turret  
  96  7:04  Marauder, Marine  
  96  7:05  SCV x2  
  96  7:06  Marine  
  96  7:07  Marauder  
  104  7:11  SCV  
  104  7:13  Marine  
  104  7:14  Marauder  
  108  7:16  Marine  
  108  7:17  Medivac x2  
  108  7:18  SCV  
  108  7:21  SCV  
  115  7:24  Marine  
  115  7:25  Marauder  
  115  7:28  Armory  
  118  7:33  Refinery  
  118  7:34  Ghost Academy, Refinery  
  118  7:42  Supply Depot  
  118  7:44  Supply Depot x2  
  118  7:46  Marauder, Marine  
  118  7:47  Supply Depot  
  123  7:53  Viking x2  
  123  7:58  Starport  
  125  8:03  SCV  
  125  8:04  SCV x2, Enhanced Shockwaves, Marine, Marauder  
  130  8:12  Marine  
  131  8:14  Ghost x2  
  131  8:15  Marine  
  131  8:16  SCV x2  
  138  8:20  SCV  
  139  8:28  SCV  
  139  8:29  Command Center  
  144  8:35  Terran Infantry Armor Level 2, Terran Infantry Weapons Level 2  
  144  8:37  Terran Ship Weapons Level 1  
  144  8:39  SCV x2  
  144  8:40  SCV  
  144  8:41  Supply Depot x2  
  143  8:43  Supply Depot, Marauder, Marine  
  143  8:48  Marine  
  143  8:51  SCV x2  
  143  8:54  Viking x3  
  145  8:57  Viking  
  145  9:01  SCV  
  148  9:03  SCV  
  148  9:04  SCV  
  148  9:05  Marauder  
  148  9:06  Supply Depot  
  148  9:09  Marauder  
  154  9:11  Refinery  
  154  9:14  Refinery  
  154  9:16  SCV  
  154  9:24  Viking  
  154  9:25  SCV x2  
  154  9:26  Missile Turret  
  158  9:32  Ghost x2  
  158  9:33  Barracks  
  158  9:34  Barracks  
  158  9:35  Barracks, Viking  
  158  9:38  Viking  
  166  9:41  Planetary Fortress  
  166  9:44  Viking  
  168  9:53  Marauder, Marine  
  168  9:54  Viking  
  168  9:56  Fusion Core  
  173  10:01  Marauder  
  173  10:05  Marauder, Marine  
  171  10:09  Missile Turret  
  171  10:10  Marine  
  171  10:12  Marine  
  171  10:13  Command Center, SCV x3  
  174  10:15  Marauder  
  174  10:17  Medivac  
  174  10:18  Medivac  
  174  10:21  Viking  
  180  10:23  SCV  
  180  10:25  SCV x3  
  182  10:32  Viking  
  183  10:38  Barracks Tech Lab x3  
  183  10:39  Missile Turret  
  183  10:40  Terran Ship Weapons Level 2  
  183  10:42  Advanced Ballistics  
  183  10:46  SCV  
  183  10:47  Viking x2  
  188  10:51  Viking  
  189  10:58  Terran Infantry Weapons Level 3  
  189  10:59  Missile Turret  
  189  11:00  Refinery  
  189  11:07  Terran Infantry Armor Level 3  
  189  11:11  Marine  
  189  11:12  Marauder  
  189  11:18  Command Center  
  192  11:24  Marine  
  190  11:26  Liberator  
  190  11:27  Marine  
  190  11:28  Marauder  
  190  11:29  Liberator  
  190  11:32  Marauder, Marine  
  199  11:35  Marauder  
  192  11:41  Marauder, Marine  
  192  11:42  Marauder x2, Marine  
  192  11:45  Marine  
  194  11:51  Personal Cloaking  
  194  11:52  Liberator, Marine  
  194  11:53  Marauder  
  192  11:54  Marauder  
  192  11:56  Marine  
  192  11:59  Marine  
  196  12:03  SCV x3  
  196  12:05  Liberator  
  200  12:19  Planetary Fortress  
  200  12:43  Liberator  
  199  12:50  Marauder, Marine x2  
  199  12:51  Marauder  
  197  12:53  Liberator  
  200  13:05  Liberator x2  
  170  13:06  Marauder, Marine  
  170  13:08  Marauder, Marine  
  170  13:09  Marine  
  170  13:10  Marauder  
  170  13:11  Marine  
  170  13:12  Marauder x2, Marine  
  182  13:20  Sensor Tower  
  182  13:21  Terran Vehicle And Ship Armor Level 1  
  182  13:22  Sensor Tower  
  182  13:24  Marine  
  182  13:25  SCV x2, Marine  
  182  13:26  Liberator, SCV x3  
  189  13:27  Marine  
  189  13:28  Marauder  
  189  13:29  Marauder, Marine  
  189  13:30  Marauder  
  189  13:31  Marauder  
  189  13:32  Marine  
  200  13:36  Orbital Command  
  199  13:59  Marine  
  197  14:04  Liberator  
  197  14:06  Liberator  
  175  14:12  Liberator x2  
  175  14:16  SCV x6  
  175  14:17  Missile Turret  
  185  14:19  Ghost  
  185  14:20  Ghost x5  
  185  14:21  Marine x2  
  188  14:28  SCV x2  
  188  14:29  SCV  
  188  14:30  SCV, Refinery  
  192  14:35  Sensor Tower  
  192  14:47  Liberator, Refinery  
  192  14:48  Ghost  
  192  14:49  Liberator  
  189  15:01  Marauder x3, Marine  
  189  15:02  Marine  
  189  15:03  Marine  
  161  15:08  Liberator  
  161  15:11  Marine  
  161  15:12  Marauder, Marine  
  131  15:17  Marauder  
  131  15:18  Liberator, Marine  
  131  15:20  Marine  
  131  15:21  Marine  
  123  15:22  Marauder  
  123  15:23  Marauder x2  
  126  15:29  Marine  
  126  15:30  Liberator, Marauder  
  126  15:32  Liberator  
  126  15:34  Marauder  
  137  15:36  Marine  
  137  15:38  Marine  
  137  15:39  Marauder, Marine  
  140  15:44  Marauder x3  
  140  15:45  SCV x5  
  140  15:47  Marine  
  149  15:51  Liberator  
  149  15:52  Marauder  
  149  15:55  Marauder  
  156  15:57  SCV  
  156  16:00  Marauder  
  156  16:01  Liberator  
  161  16:04  Ghost x2  
  161  16:05  Marauder, Marine  
  161  16:06  Marine x2  
  149  16:12  Ghost  
  149  16:13  Medivac  
  149  16:15  Medivac  
  149  16:16  Marauder  
  150  16:20  Orbital Command  
  150  16:22  Marauder, Marine  
  150  16:23  Marine  
  150  16:24  Marine  
  154  16:27  Marauder  
  154  16:32  SCV x4  
  157  16:34  Marauder x2  
  163  16:44  SCV x2  
  171  16:48  SCV  
Tags
 
Add a new tag
Caveats
  • Supply blocks, unpowered buildings, or Contaminate may cause inaccurate times.
  • Supply counts are checked every 10 seconds.